Map: [ESL] Glittering Ashes

Players

Neeb - Winner!

  • Race: Protoss Protoss

Rogue

  • Race: Zerg Zerg

Event: IEM Katowice 2022

VOD

Have the link to the VOD?

Description

Time

  • Played on: Feb. 24, 2022, 7:03 a.m.
  • Length: 9:00

All games in this series

Show
View Real Time Build Order
Export as new Build Order

Neeb Protoss - Winner!

Build Orders: 1 Gate Expand, Oracle Opening 

Get SALT Encoding   

  12  0:00  Probe  
  13  0:12  Probe  
  14  0:19  Pylon  
  14  0:24  Probe  
  15  0:37  Probe (Chrono Boost)  
  15  0:40  Gateway  
  16  0:46  Probe (Chrono Boost)  
  17  0:51  Assimilator, Probe (Chrono Boost)  
  18  1:03  Probe  
  19  1:15  Probe  
  20  1:26  Nexus  
  20  1:35  Cybernetics Core  
  20  1:39  Probe  
  21  1:45  Assimilator  
  21  1:51  Probe  
  21  1:53  Pylon  
  22  2:03  Probe (Chrono Boost), Assimilator  
  23  2:11  Adept  
  23  2:14  Probe (Chrono Boost)  
  26  2:18  Probe (Chrono Boost)  
  27  2:26  Stargate  
  27  2:29  Probe (Chrono Boost)  
  28  2:36  Warp Gate  
  29  2:39  Probe (Chrono Boost)  
  29  2:40  Probe (Chrono Boost)  
  30  2:47  Probe (Chrono Boost), Adept  
  30  2:48  Probe (Chrono Boost)  
  34  2:52  Probe (Chrono Boost)  
  34  2:55  Probe  
  36  3:00  Void Ray (Chrono Boost)  
  36  3:04  Probe  
  37  3:08  Probe  
  42  3:15  Pylon  
  42  3:16  Probe  
  43  3:20  Probe  
  43  3:21  Adept  
  46  3:33  Probe x2  
  48  3:36  Oracle  
  51  3:45  Probe x2  
  53  3:50  Nexus  
  53  3:53  Pylon  
  53  3:56  Assimilator  
  53  3:57  Probe  
  53  4:02  Stargate  
  54  4:09  Pylon  
  54  4:11  Probe x2 (Chrono Boost)  
  56  4:19  Robotics Facility  
  56  4:23  Probe x2 (Chrono Boost)  
  58  4:24  Pylon  
  58  4:29  Pylon, Probe x2 (Chrono Boost)  
  60  4:35  Void Ray (Chrono Boost)  
  60  4:37  Probe x2  
  66  4:47  Void Ray (Chrono Boost)  
  66  4:49  Probe  
  66  4:51  Forge  
  71  4:53  Probe (Chrono Boost)  
  72  5:02  Probe (Chrono Boost)  
  72  5:05  Assimilator  
  72  5:06  Probe (Chrono Boost)  
  75  5:08  Assimilator  
  75  5:10  Shield Battery  
  75  5:11  Probe (Chrono Boost)  
  75  5:12  Probe (Chrono Boost)  
  77  5:15  Probe (Chrono Boost)  
  77  5:17  Probe x2 (Chrono Boost), Observer  
  77  5:19  Robotics Bay  
  80  5:25  Probe  
  80  5:28  Fleet Beacon  
  81  5:29  Probe x2  
  83  5:37  Probe  
  83  5:40  Pylon  
  83  5:41  Probe x2  
  83  5:42  Twilight Council, Observer  
  87  5:49  Probe  
  88  5:53  Probe  
  87  5:57  Probe  
  86  6:09  Nexus  
  86  6:10  Pylon  
  86  6:12  Observer, Disruptor  
  86  6:15  Carrier (Chrono Boost)  
  86  6:17  Carrier (Chrono Boost)  
  101  6:26  Protoss Ground Weapons Level 1  
  101  6:28  Charge  
  101  6:30  Gateway  
  101  6:32  Gateway  
  101  6:35  Probe x2  
  101  6:36  Gateway  
  103  6:44  Gateway  
  103  6:46  Gateway x2  
  103  6:48  Gateway  
  103  6:54  Protoss Air Weapons Level 1, Disruptor  
  106  7:05  Templar Archives, Probe x3  
  106  7:06  Gravitic Drive  
  106  7:07  Pylon  
  109  7:10  Photon Cannon  
  109  7:19  Void Ray (Chrono Boost)  
  109  7:22  Sentry  
  111  7:24  Void Ray (Chrono Boost)  
  111  7:26  Probe x2  
  111  7:27  Probe  
  111  7:29  Warp Prism (Chrono Boost)  
  118  7:32  Pylon  
  118  7:35  Pylon  
  124  7:40  Zealot x5  
  134  7:47  Pylon  
  134  7:48  Pylon  
  134  7:51  High Templar x2, Zealot  
  140  8:01  Warp Prism (Chrono Boost)  
  140  8:02  Archon  
  142  8:07  Probe x2  
  142  8:09  Zealot x5  
  142  8:10  Shield Battery  
  154  8:23  Zealot x3  
  154  8:33  Zealot x5  
  155  8:45  Zealot x2  
  155  8:46  Zealot  
  155  8:47  Probe  
  143  8:55  Zealot x5  
Show
View Real Time Build Order
Export as new Build Order

Rogue Zerg 

Build Orders: Hatch First 

Get SALT Encoding   

  12  0:00  Drone  
  13  0:12  Overlord  
  13  0:17  Drone  
  14  0:31  Drone  
  15  0:43  Hatchery  
  15  0:47  Drone  
  15  0:51  Drone  
  15  0:54  Drone  
  17  0:58  Drone  
  18  1:08  Extractor  
  17  1:15  Spawning Pool  
  17  1:18  Drone  
  17  1:24  Drone  
  18  1:30  Drone  
  19  1:42  Drone  
  20  1:52  Overlord  
  20  2:02  Queen x2  
  20  2:03  Zergling x4  
  20  2:07  Drone  
  27  2:14  Drone  
  27  2:15  Metabolic Boost  
  28  2:18  Drone  
  29  2:25  Drone  
  29  2:28  Drone  
  31  2:35  Drone  
  32  2:41  Hatchery  
  31  2:47  Queen  
  33  2:52  Overlord  
  33  2:55  Drone  
  33  2:56  Drone  
  35  2:59  Drone  
  36  3:11  Drone x2  
  36  3:12  Drone x4  
  42  3:16  Queen  
  44  3:20  Overlord  
  44  3:28  Spore Crawler  
  44  3:29  Zergling x2  
  44  3:30  Overlord  
  44  3:40  Spore Crawler  
  43  3:42  Drone x7  
  43  3:48  Drone  
  51  3:49  Queen  
  51  3:52  Overlord  
  53  3:56  Drone  
  53  3:59  Drone  
  55  4:03  Spore Crawler  
  55  4:05  Drone x4  
  55  4:06  Drone  
  59  4:10  Overlord  
  59  4:15  Drone x2  
  59  4:16  Queen  
  61  4:22  Overlord  
  63  4:24  Drone  
  63  4:25  Drone x2  
  63  4:26  Drone, Extractor  
  66  4:31  Drone  
  66  4:32  Drone x2  
  66  4:36  Drone  
  66  4:37  Queen  
  72  4:41  Drone x3  
  75  4:46  Roach Warren  
  75  4:47  Overlord  
  75  4:48  Drone x2  
  75  4:49  Drone  
  77  4:54  Lair  
  77  4:56  Queen  
  79  5:00  Drone  
  79  5:01  Drone x2  
  79  5:03  Overlord  
  79  5:04  Evolution Chamber  
  79  5:06  Extractor  
  80  5:07  Drone x2, Extractor x3  
  80  5:09  Overlord  
  79  5:15  Drone x2  
  79  5:16  Drone x3  
  79  5:20  Queen  
  86  5:31  Hatchery, Zergling x6  
  86  5:33  Drone  
  89  5:40  Queen  
  89  5:41  Overlord  
  91  5:45  Overlord  
  91  5:48  Roach x5  
  101  5:52  Pneumatized Carapace  
  101  5:54  Drone x3  
  101  5:56  Overseer  
  102  5:59  Drone x3  
  104  6:07  Infestation Pit  
  103  6:13  Drone x6  
  103  6:17  Drone  
  110  6:18  Drone  
  110  6:20  Zerg Ground Armor Level 1  
  110  6:21  Glial Reconstitution  
  110  6:24  Drone x5  
  115  6:30  Drone x3  
  115  6:32  Queen  
  118  6:37  Drone x2, Extractor x2  
  120  6:44  Drone x2  
  120  6:45  Queen  
  124  6:51  Overlord x3  
  124  6:53  Overlord  
  124  6:56  Overlord  
  124  7:00  Hive  
  124  7:01  Neural Parasite  
  124  7:02  Overseer  
  124  7:03  Drone  
  124  7:06  Evolution Chamber x2  
  122  7:17  Infestor x3  
  122  7:18  Infestor x2  
  122  7:20  Infestor  
  122  7:21  Drone  
  135  7:23  Hatchery  
  135  7:25  Baneling Nest  
  135  7:28  Queen x2  
  137  7:33  Drone  
  137  7:34  Drone x4  
  142  7:39  Zergling x14  
  142  7:40  Zergling x2  
  142  7:43  Overlord  
  149  7:52  Overlord  
  149  7:53  Zergling x14  
  149  7:55  Zergling x2  
  149  7:56  Zergling x2  
  158  8:01  Overlord  
  157  8:08  Zergling x2  
  157  8:09  Zergling x14  
  164  8:19  Infestor x3  
  157  8:20  Zergling x2  
  157  8:21  Zergling x12  
  157  8:24  Zergling x8  
  150  8:34  Zergling x6  

Tags
 
Add a new tag
Caveats
  • Supply blocks, unpowered buildings, or Contaminate may cause inaccurate times.
  • Supply counts are checked every 10 seconds.